 Dungeon Crawl Stone Soup version 0.32-a0-791-gfc315c9ecd (webtiles) character file.

Game seed: 5839915719228930206

347 Pestilence the Trooper (level 6, -9/72 HPs)
             Began as a Vampire Fighter on Mar 21, 2024.
             Mangled by a gnoll
             ... wielding a +0 halberd
              (10 damage)
             ... on level 4 of the Dungeon.
             The game lasted 00:03:31 (2620 turns).

Pestilence the Trooper (Vampire Fighter)            Turns: 2620, Time: 00:03:32

Health: -9/72      AC: 23    Str: 19    XL:     6   Next: 32%
Magic:  6/6        EV:  2    Int: 15    God:
Gold:   191        SH:  0    Dex: 15    Spells: 5/5 levels left

rFire   . . .        a - +1 long sword
rCold   . . .        c - +1 buckler
rNeg    . . .        j - melded +0 chain mail
rPois   +            (helmet currently unavailable)
rElec   .            m - melded scarf {harm}
rCorr   .            (gloves currently unavailable)
SInv    +            (boots currently unavailable)
Will    .....        (no amulet)
Stlth   +            k - +4 ring of slaying
HPRegen 0.52/turn    t - +6 ring of intelligence
MPRegen 0.10/turn

%: no passive effects
@: tree-form, held, healing quickly, hasted, invisible, very quick
A: stationary, stasis, torment immunity, boosted hp, alive, (fangs 3), see
invisible, vampiric 2, (large bone plates 1), (deformed body), strong 1
a: Exsanguinate


You were on level 4 of the Dungeon.
You were a tree.
You visited 1 branch of the dungeon, and saw 4 of its levels.

You collected 191 gold pieces.

Inventory:

Hand Weapons
 a - a +1 long sword (weapon)
Armour
 c - a +1 buckler (worn)
 j - a +0 chain mail (melded)
 m - a scarf of harm (melded)
Jewellery
 k - a +4 ring of slaying (left branch)
 t - a +6 ring of intelligence (right branch)
Talismans
 o - a granite talisman
Scrolls
 f - a scroll of teleportation
 g - 3 scrolls of identify
 q - 2 scrolls of enchant armour
Potions
 d - 2 potions of might
 e - a potion of lignification
 n - a potion of mutation
 p - a potion of invisibility
 u - a potion of haste


   Skills:
 + Level 4.0 Fighting
 + Level 3.7 Long Blades
 - Level 2.4 Armour
 + Level 3.2 Dodging
 + Level 3.9 Shields


You had 5 spell levels left.
You didn't know any spells.
Your spell library was empty.

Dungeon Overview and Level Annotations

Branches:
Dungeon (4/15)
 Temple: D:4-7

Altars:
Cheibriados
Fedhas
Gozag
Okawaru


Innate Abilities, Weirdness & Mutations

You are a tree.
Your roots penetrate the ground, keeping you stationary.
You cannot be teleported.
You are immune to unholy pain and torment.
Your maximum health is greatly increased.
Your equipment is partially melded.
Your natural rate of healing is accelerated.
((You have razor-sharp teeth.))
You have supernaturally acute eyesight. (SInv)
You are afflicted with vampirism and can become a bat while bloodless.
((You are partially covered in large bone plates. (SH +4)))
((Armour fits poorly on your strangely shaped body.))
Your muscles are strong. (Str +4, Int/Dex -1)


Message History

Your scarf of harm melds into your body.
Your +0 chain mail melds into your body.
Your roots penetrate the ground.
The gnoll barely misses you. You block the gnoll's attack.
You block the kobold's attack.
The gnoll hits you from afar with a +0 spear!
* * * LOW HITPOINT WARNING * * *
The gnoll completely misses you. x2
The ribbon worm bites you but does no damage.
It was a potion of mutation.
You feel extremely strange.
You feel stronger.
Your body twists and deforms.
Large bone plates grow over parts of your arms.
Your butterfly disappears in a burst of colours!
The gnoll barely misses you.
The gnoll hits you from afar with a +0 spear.
* * * LOW HITPOINT WARNING * * *
The kobold barely misses you. You block the gnoll's attack.
The gnoll barely misses you. The gnoll hits you but does no damage.
The ribbon worm bites you but does no damage.
It was a potion of invisibility.
You fade into invisibility!
The gnoll barely misses you.
The gnoll hits you from afar with a +0 spear.
* * * LOW HITPOINT WARNING * * *
The gnoll hits you but does no damage. The gnoll hits you with a +0 flail!
* * * LOW HITPOINT WARNING * * *
You block the kobold's attack. The gnoll hits you with a +0 club.
* * * LOW HITPOINT WARNING * * *
The ribbon worm expels a string of sticky webbing.
The stream of webbing hits you but does no damage.
You are caught in a web!
It was a potion of haste.
You feel yourself speed up.
Your butterfly disappears in a burst of colours!
The gnoll hits you from afar with a +0 spear.
* * * LOW HITPOINT WARNING * * *
The gnoll hits you but does no damage. The gnoll barely misses you.
The gnoll hits you from afar with a +0 spear.
* * * LOW HITPOINT WARNING * * *
The kobold hits you but does no damage.
The gnoll hits you from afar with a +0 halberd!
You die...

##.. ....
.######.. ...
......#.## ..#
#..<.###.# # #
###..#...#.#.#
#..#.#......
#.ggg†......
...###.wg....#.#.
#....†♣g).b.#
.......K....#...#
...#.....b..?.#.#
## ##..#......# #
#..#.#....#
..........#
.#....#.##...
#........# .#.


You could see a ribbon worm (unable to see you), 5 gnolls and a kobold (unable
to see you).

Vanquished Creatures
  2 bombardier beetles (D:3)
  An orc priest (D:2)
  Natasha (thrice) (D:2)
  A sleepcap (D:3)
  6 adders
  A gnoll (D:4)
  4 dart slugs
  5 orcs (D:2)
  6 ball pythons
  5 bats
  2 endoplasms
  3 giant cockroaches (D:3)
  13 goblins
  5 hobgoblins
  4 quokkas
  4 kobolds
  6 rats
71 creatures vanquished.

Notes
Turn   | Place    | Note
-------+----------+-------------------------------------------
     0 | D:1      | Pestilence the Vampire Fighter began the quest for the Orb.
     0 | D:1      | Reached XP level 1. HP: 17/17 MP: 1/1
   122 | D:1      | Found a faded altar of an unknown god.
   304 | D:1      | Reached XP level 2. HP: 22/23 MP: 2/2
   442 | D:1      | Reached skill level 1 in Dodging
   722 | D:1      | Reached skill level 3 in Fighting
   923 | D:2      | Gained mutation: You are afflicted with vampirism and can
                  | become a bat while bloodless. [Vampire growth]
   923 | D:2      | Reached XP level 3. HP: 29/29 MP: 3/3
   962 | D:2      | Found a blossoming altar of Fedhas.
  1060 | D:2      | Reached XP level 4. HP: 25/35 MP: 4/4
  1090 | D:2      | Noticed Natasha
  1099 | D:2      | Killed Natasha
  1363 | D:2      | Noticed Natasha
  1369 | D:2      | Killed Natasha
  1370 | D:2      | Reached XP level 5. HP: 29/41 MP: 5/5
  1935 | D:2      | Noticed Natasha
  1940 | D:2      | Killed Natasha
  2391 | D:3      | Reached XP level 6. HP: 48/48 MP: 6/6
  2467 | D:3      | Found an iron altar of Okawaru.
  2474 | D:3      | Found a snail-covered altar of Cheibriados.
  2477 | D:3      | Found an opulent altar of Gozag.
  2606 | D:4      | Reached skill level 4 in Fighting
  2618 | D:4      | Gained mutation: Your muscles are strong. (Str +4, Int/Dex
                  | -1) [potion of mutation]
  2618 | D:4      | Gained mutation: Armour fits poorly on your strangely
                  | shaped body. [potion of mutation]
  2618 | D:4      | Gained mutation: You are partially covered in large bone
                  | plates. (SH +4) [potion of mutation]
  2619 | D:4      | HP: 3/72 [gnoll/+0 club (2)]
  2620 | D:4      | HP: 1/72 [gnoll/+0 spear (2)]
  2620 | D:4      | Mangled by a gnoll

Illustrated notes

Levels and vault maps discovered:
D:1:      heliophobic_arrival_ceremonial_halls, layout_basic,
          shapermc_ecumenical_altar_ellora
D:2:      layout_basic, basic_altar, uniq_natasha
D:3:      layout_rooms, minitemple
D:4:      cheibrodos_old_hovel, layout_rooms, enter_ossuary_4,
          nicolae_underground_beach

Skill      XL: |  1  2  3  4  5  6 |
---------------+-------------------+-----
Dodging        | 1 2 3 |  3.2
Fighting       | 3 4 |  4.0
Shields        | 3 |  3.9
Long Blades    | 3 |  3.7
Armour         | |  2.4

Action                     |  1- 3 |  4- 6 || total
---------------------------+-------+-------++-------
  Melee: Long sword        |    74 |    96 ||   170
         Bite              |     4 |    12 ||    16
    Use: Scroll            |     1 |     7 ||     8
         Potion            |       |     5 ||     5
 Armour: Scale mail        |    14 |       ||    14
         Chain mail        |    23 |    99 ||   122
         Skin              |       |    14 ||    14
  Dodge: Dodged            |    37 |    41 ||    78
  Block: Buckler           |    15 |    35 ||    50

Table legend: (Time is in decaauts)
 A = Elapsed time spent in this place.
 B = Non-inter-level travel time spent in this place.
 C = Inter-level travel time spent in this place.
 D = Time resting spent in this place.
 E = Time spent auto-exploring this place.
 F = Levels seen in this place.
 G = Mean time per level.
                   A        B        C        D        E       F      G
               +--------+--------+--------+--------+--------+-----+--------+
         Total |   2684 |   2543 |    141 |      0 |   2072 |   4 |  671.0 |
       Dungeon |   2684 |   2543 |    141 |      0 |   2072 |   4 |  671.0 |
               +--------+--------+--------+--------+--------+-----+--------+

Top non-repeatable levels by time:
     D:2: 1245 daAuts
     D:1: 934 daAuts
     D:3: 465 daAuts
     D:4: 38 daAuts
